 Dungeon Crawl Stone Soup version 0.25.0-1-g7eea58d2a3 (webtiles) character file.

Game seed: 6459067489883512004

74 Delamore the Cudgeler (level 4, -4/28 HPs)
             Began as a Gargoyle Fighter on June 13, 2020.
             Killed from afar by an orc wizard (10 damage)
             ... with a puff of frost
             ... on level 2 of the Dungeon.
             The game lasted 00:00:59 (1030 turns).

Delamore the Cudgeler (Gargoyle Fighter)            Turns: 1030, Time: 00:01:00

Health: -4/28      AC: 11    Str: 20    XL:     4   Next: 28%
Magic:  4/4        EV:  7    Int:  9    God:
Gold:   46         SH:  9    Dex:  9    Spells: 3/3 levels left

rFire    . . .     SeeInvis .   a - +0 flail
rCold    . . .     Gourm    .   c - +0 kite shield
rNeg     + . .     Faith    .   b - +0 scale mail
rPois    ∞         Spirit   .   h - +0 helmet
rElec    +         Reflect  .   (no cloak)
rCorr    .         Harm     .   (no gloves)
MR       .....                  (no boots)
Stlth    ..........             (no amulet)
HPRegen  0.09/turn              (no ring)
MPRegen  0.09/turn              (no ring)

@: no status effects
A: negative energy resistance 1, electricity resistance, unbreathing,
petrification resistance, rot immunity, AC +3
a: no special abilities


You were on level 2 of the Dungeon.
You were not hungry.

You visited 1 branch of the dungeon, and saw 2 of its levels.

You collected 46 gold pieces.

Inventory:

Hand Weapons
 a - a +0 flail (weapon)
Missiles
 e - 7 javelins (quivered)
Armour
 b - a +0 scale mail (worn)
 c - a +0 kite shield (worn)
 h - a +0 helmet (worn)
Potions
 d - a potion of might
 i - a potion of magic {unknown}
Comestibles
 f - 2 rations
 g - 3 chunks of flesh


   Skills:
 - Level 3.2 Fighting
 + Level 4.4 Maces & Flails
 - Level 3.2 Armour
 - Level 3.2 Shields


You had 3 spell levels left.
You didn't know any spells.
Your spell library was empty.

Dungeon Overview and Level Annotations

Branches:
Dungeon (2/15)

Altars:


Innate Abilities, Weirdness & Mutations

You are resistant to torment.
Your stone body is resilient. (AC +3)
You are immune to poison.
You resist negative energy. (rN+)
You are resistant to electric shocks. (rElec)
You can survive without breathing.
You are immune to petrification.
You are immune to rotting.


Message History

You block the orc wizard's attack.
You closely miss the orc wizard.
The orc wizard is moderately wounded.
The orc wizard hits you but does no damage.
You barely miss the orc wizard.
The orc wizard is moderately wounded.
The orc wizard casts a spell.
The orc wizard seems to speed up.
You block the orc wizard's attack.
You sock the orc wizard!
The orc wizard is almost dead.
The orc wizard casts a spell.
The orc wizard flickers and vanishes!
Deactivating autopickup; reactivate with Ctrl-A.
Something hits you.
* * * LOW HITPOINT WARNING * * *
You miss something.
You hear some strange, mumbled words.
A puff of frost appears from out of thin air!
The puff of frost hits you!
You die...

#....# #...#
#....####.#.#
#..†...#o###.#
#...# ##.# .#
#.<.# #h## .
#...###h# .#
#...##.## .
#...{#.# .#
#...@).#
########


There were no monsters in sight!

Vanquished Creatures
  An orc priest (D:2)
  An ooze (D:1)
  3 dart slugs (D:1)
  An orc (D:2)
  A giant cockroach (D:1)
  6 goblins (D:1)
  5 hobgoblins (D:1)
  3 jackals (D:2)
  4 bats (D:1)
  A frilled lizard (D:1)
  2 kobolds
  5 rats (D:1)
33 creatures vanquished.

Notes
Turn   | Place    | Note
-------+----------+-------------------------------------------
     0 | D:1      | Delamore the Gargoyle Fighter began the quest for the Orb.
     0 | D:1      | Reached XP level 1. HP: 14/14 MP: 1/1
   149 | D:1      | Reached XP level 2. HP: 19/19 MP: 2/2
   247 | D:1      | Reached skill level 3 in Maces & Flails
   311 | D:1      | Reached XP level 3. HP: 23/23 MP: 3/3
  1022 | D:2      | Reached skill level 4 in Maces & Flails
  1022 | D:2      | Reached XP level 4. HP: 15/28 MP: 4/4
  1030 | D:2      | Killed from afar by an orc wizard

Illustrated notes

Levels and vault maps discovered:
D:1:      minmay_arrival_widening_spiral_wide, layout_loops_ring
D:2:      minmay_wonky_spiral, layout_basic, first_ration,
          kennysheep_flooded_box, grunt_decor_clamped,
          nemelex_diamond_rough_becter, uniq_jessica

Skill      XL: |  1  2  3 |
---------------+----------+-----
Maces & Flails | 3 4 |  4.4
Fighting       | |  3.2
Armour         | |  3.2
Shields        | |  3.2

Action                   |  1- 3 |  4- 6 || total
-------------------------+-------+-------++-------
Melee: Flail             |   139 |     8 ||   147
  Eat: Chunk             |     1 |       ||     1
Armor: Scale mail        |    96 |     1 ||    97
Dodge: Dodged            |    54 |     3 ||    57
Block: Kite shield       |    92 |     3 ||    95
